 Dungeon Crawl Stone Soup version 0.24.0-1-gfbc8707 (webtiles) character file.

Game seed: 13594150007780578517, levelgen mode: deterministic

357 Faca the Chopper (level 6, -1/58 HPs)
             Began as a Hill Orc Monk on Oct 29, 2019.
             Slain by Prince Ribbit (12 damage)
             ... on level 4 of the Dungeon.
             The game lasted 00:08:54 (4138 turns).

Faca the Chopper (Hill Orc Monk)                    Turns: 4138, Time: 00:08:55

Health: -1/58      AC:  9    Str: 16    XL:     6   Next: 64%
Magic:  6/6        EV:  7    Int: 10    God:
Gold:   186        SH:  0    Dex: 15    Spells: 5/5 levels left

rFire    . . .     SeeInvis .   a - +0 hand axe
rCold    + . .     Gourm    .   (no shield)
rNeg     . . .     Faith    .   q - +0 chain mail
rPois    +         Spirit   .   (no helmet)
rElec    .         Reflect  .   o - +0 cloak
rCorr    .         Harm     .   (no gloves)
MR       .....                  (no boots)
Stlth    ..........             (no amulet)
HPRegen  0.19/turn              t - ring of attention (curse)
MPRegen  0.10/turn              y - +2 ring of dexterity

@: no status effects
A: cold resistance 1, sense surroundings 1, poison resistance
a: no special abilities


You were on level 4 of the Dungeon.
You were hungry.

You visited 1 branch of the dungeon, and saw 5 of its levels.

You collected 186 gold pieces.

Inventory:

Hand Weapons
 a - a +0 hand axe (weapon)
 s - a +0 flail
Armour
 d - a +0 large shield
 o - a +0 cloak (worn)
 q - a +0 chain mail (worn)
Jewellery
 t - a cursed ring of attention (left hand)
 y - a +2 ring of dexterity (right hand)
Wands
 x - a wand of flame (17)
Scrolls
 b - 3 scrolls of teleportation {unknown}
 f - 2 scrolls of amnesia {unknown}
 g - 4 scrolls of identify {unknown}
 i - a scroll of immolation {unknown}
 k - a scroll of enchant armour {unknown}
 m - a scroll of remove curse {unknown}
 p - 4 scrolls of enchant weapon {unknown}
 r - a scroll of fear {unknown}
Potions
 j - a potion of cancellation
 n - a potion of brilliance {unknown}
 v - a potion of flight {unknown}
 w - a potion of haste {unknown}
 z - a potion of degeneration {unknown}
Comestibles
 c - 11 rations


   Skills:
 + Level 6.6 Fighting
 + Level 7.3 Axes
 - Level 2.4 Dodging
 - Level 1.5 Stealth


You had 5 spell levels left.
You didn't know any spells.
Your spell library contained the following spells:

 Spells                   Type           Power        Failure   Level  Hunger
 Animate Skeleton         Necr           N/A          100%        1    ##.....
 Apportation              Tloc           #.....       100%        1    ##.....
 Confusing Touch          Hex            #.....       100%        1    ##.....
 Summon Small Mammal      Summ           #...         100%        1    ##.....


Dungeon Overview and Level Annotations

Branches:
Dungeon (5/15)
 Temple: D:4-7

Altars:
Okawaru
Wu Jian

Annotations:
D:4 Prince Ribbit


Innate Abilities, Weirdness & Mutations

Your flesh is cold resistant. (rC+)
You passively map a small area around you.
Your system is resistant to poisons. (rPois)


Message History

You feel less confused. Prince Ribbit hits you!
* * * LOW HITPOINT WARNING * * *
It was a potion of mutation.
You feel extremely strange.
You feel a strange attunement to the structure of the dungeons.
You feel resistant to poisons.
You feel resistant to cold. Prince Ribbit hits you.
* * * LOW HITPOINT WARNING * * *
Okay, then.
It was a potion of heal wounds.
You feel much better. Prince Ribbit hits you!
* * * LOW HITPOINT WARNING * * *
Prince Ribbit barely misses you.
Prince Ribbit blinks!
You hit Prince Ribbit.
Prince Ribbit is moderately wounded.
Prince Ribbit hits you but does no damage.
The orc barely misses you. Prince Ribbit barely misses you.
You hit the orc but do no damage. You hit Prince Ribbit.
Prince Ribbit hits you!
You die...

###### ######.....
###....#.####
#...##.#.#
######.####.#.####
#.................
#F####.###########
#@# #............
#o# #.......#####
#.# #............
#.# #....##.#....
#.# #....#.......
#.# #....#.......
##†#####.#.#.......
#.>................
#..................


You could see Prince Ribbit and an orc.

Vanquished Creatures
  A scorpion (D:4)
  A bullfrog skeleton (D:4)
  Jessica (D:2)
  Ijyb (D:4)
  3 worker ants
  5 adders
  A shadow imp (D:4)
  An ooze (D:1)
  An adder skeleton (D:4)
  3 worms (D:2)
  A dart slug (D:2)
  4 leopard geckos
  5 orcs
  5 bats
  2 giant cockroaches
  6 goblins
  6 hobgoblins
  9 jackals
  A quokka (D:4)
  4 ball pythons
  8 frilled lizards
  A giant cockroach zombie (D:4)
  9 kobolds
  7 rats
86 creatures vanquished.

Notes
Turn   | Place    | Note
-------+----------+-------------------------------------------
     0 | D:1      | Faca the Hill Orc Monk began the quest for the Orb.
     0 | D:1      | Reached XP level 1. HP: 19/19 MP: 1/1
   307 | D:1      | Reached XP level 2. HP: 27/27 MP: 2/2
   575 | D:1      | Reached XP level 3. HP: 25/34 MP: 3/3
  1094 | D:2      | Noticed Jessica
  1097 | D:2      | Found an ornate altar of the Wu Jian Council.
  1102 | D:2      | Killed Jessica
  1102 | D:2      | Reached skill level 5 in Axes
  1110 | D:2      | Reached XP level 4. HP: 32/41 MP: 4/4
  1371 | D:2      | Reached skill level 5 in Fighting
  1499 | D:2      | Found an iron altar of Okawaru.
  1865 | D:2      | Reached XP level 5. HP: 48/48 MP: 5/5
  1894 | D:2      | Reached skill level 6 in Axes
  2622 | D:4      | HP: 2/50 [poisoned by a scorpion]
  3055 | D:4      | Reached XP level 6. HP: 47/57 MP: 6/6
  3238 | D:4      | Noticed Ijyb
  3252 | D:4      | Killed Ijyb
  3252 | D:4      | Reached skill level 7 in Axes
  3944 | D:5      | Entered Level 5 of the Dungeon
  3953 | D:5      | Noticed Prince Ribbit
  4132 | D:4      | Gained mutation: You passively map a small area around you.
                  | [potion of mutation]
  4132 | D:4      | Gained mutation: Your system is resistant to poisons.
                  | (rPois) [potion of mutation]
  4132 | D:4      | Gained mutation: Your flesh is cold resistant. (rC+)
                  | [potion of mutation]
  4138 | D:4      | Slain by Prince Ribbit

Levels and vault maps discovered:
D:1:      shiori_shiawase, layout_loops_ring, glass_columns_c
D:2:      layout_basic, okawaru_metal_pillars_3, old_standard_altar,
          uniq_jessica
D:3:      layout_loops_cross, first_ration
D:4:      cheibrodos_quashed, layout_basic, uniq_ijyb
D:5:      layout_rooms, chequers_temple_overflow_statue_of_worship,
          nemelex_altar_shiori, uniq_prince_ribbit1

Skill      XL: |  1  2  3  4  5  6 |
---------------+-------------------+-----
Fighting       | 4 5 6 |  6.6
Axes           | 5 6 7 |  7.3
Dodging        | |  2.4
Stealth        | |  1.5

Action                   |  1- 3 |  4- 6 || total
-------------------------+-------+-------++-------
Melee: Hand axe          |   101 |   290 ||   391
  Use: Potion            |       |     6 ||     6
 Stab: Sleeping          |     1 |       ||     1
  Eat: Chunk             |       |    10 ||    10
Armor: Scale mail        |    43 |    23 ||    66
       Robe              |     1 |       ||     1
       Chain mail        |       |   134 ||   134
Dodge: Dodged            |    50 |   118 ||   168
